 Dungeon Crawl Stone Soup version 0.25-a0-1036-g6f112fb28d (webtiles) character file.

Game seed: 14088816194854534740, levelgen mode: deterministic

155 PgLoLo the Skirmisher (level 5, 0/85 HPs)
             Began as an Ogre Fighter on May 13, 2020.
             Slain by an orc wizard
             ... wielding a +0 dagger
              (4 damage)
             ... on level 3 of the Dungeon.
             The game lasted 00:05:09 (4004 turns).

PgLoLo the Skirmisher (Ogre Fighter)                Turns: 4004, Time: 00:05:09

Health: 0/85       AC:  3    Str: 21    XL:     5   Next: 37%
Magic:  5/5        EV:  8    Int:  9    God:
Gold:   169        SH:  8    Dex:  8    Spells: 4/4 levels left

rFire    + . .     SeeInvis .   a - +0 flail
rCold    x . .     Gourm    .   c - +0 kite shield
rNeg     + . .     Faith    .   b - +0 robe
rPois    .         Spirit   .   (helmet restricted)
rElec    .         Reflect  .   (no cloak)
rCorr    .         Harm     .   (gloves unavailable)
MR       .....                  (boots unavailable)
Stlth    ..........             (no amulet)
HPRegen  0.24/turn              j - ring of fire
MPRegen  0.09/turn              k - ring of positive energy

@: berserking, very quick
A: large, unfitting armour, tough skin 1
a: no special abilities


You were on level 3 of the Dungeon.
You were not hungry.

You visited 1 branch of the dungeon, and saw 3 of its levels.

You collected 169 gold pieces.

Inventory:

Hand Weapons
 a - a +0 flail (weapon)
Armour
 b - a +0 robe (worn)
 c - a +0 kite shield (worn)
Jewellery
 j - a ring of fire (left hand)
 k - a ring of positive energy (right hand)
Scrolls
 e - 3 scrolls of identify {unknown}
 g - a scroll of magic mapping {unknown}
 h - a scroll of amnesia {unknown}
 i - 2 scrolls of remove curse {unknown}
 l - a scroll of fear {unknown}
 m - a scroll of fog {unknown}
 q - 3 scrolls of teleportation {unknown}
 s - a scroll of blinking {unknown}
Potions
 d - 2 potions of might
 n - a potion of berserk rage
 o - a potion of mutation {unknown}
 p - a potion of degeneration {unknown}
 r - a potion of flight {unknown}
Comestibles
 f - 4 rations


   Skills:
 + Level 5.1 Fighting
 * Level 3.7 Maces & Flails
 + Level 3.5 Dodging
 - Level 2.6 Shields


You had 4 spell levels left.
You didn't know any spells.
Your spell library was empty.

Dungeon Overview and Level Annotations

Branches:
Dungeon (3/15)

Altars:
Dithmenos


Innate Abilities, Weirdness & Mutations

You are too large for most types of armour.
You have tough skin. (AC +1)


Message History

The orc wizard gestures at you while chanting.
The magic dart hits you!
* * * LOW HITPOINT WARNING * * *
The orc wizard mumbles some strange words.
The orc wizard blinks!
It was a potion of berserk rage.
A red film seems to cover your vision as you go berserk!
You feel yourself moving faster!
You feel mighty! The orc wizard closely misses you.
You barely miss the orc wizard.
The orc wizard is severely wounded.
The orc wizard points at you and mumbles some strange words.
The magic dart hits you.
* * * LOW HITPOINT WARNING * * *
The orc wizard hits you but does no damage.
You miss the orc wizard.
The orc wizard is severely wounded.
You feel yourself speed up.
The orc wizard hits you with a +0 dagger.
You die...

#.....#.....#
#.....#.###.# #....##.#
#.# ###########....##.#
#.#######
#.........#.....#.#
#........
#.#######.#....o#.#
######### #.#
#.##....#.# #.#
#.#####)#.# #.#
#..o@)..#.# #.#
#.#######.#
#####.###############.#
......................#
#####.#################
# #.# # #.# # #.#
#####.#


You could see an orc wizard (fast).

Vanquished Creatures
  A hound (D:3)
  3 adders
  An ooze (D:2)
  3 worms (D:3)
  2 dart slugs (D:1)
  4 orcs (D:3)
  2 ball pythons
  10 bats
  2 giant cockroaches (D:2)
  13 goblins
  11 hobgoblins
  3 jackals (D:3)
  2 quokkas
  3 frilled lizards
  8 kobolds
  5 rats
73 creatures vanquished.

Notes
Turn   | Place    | Note
-------+----------+-------------------------------------------
     0 | D:1      | PgLoLo the Ogre Fighter began the quest for the Orb.
     0 | D:1      | Reached XP level 1. HP: 24/24 MP: 1/1
   360 | D:1      | Reached XP level 2. HP: 31/32 MP: 2/2
   807 | D:1      | Reached XP level 3. HP: 36/40 MP: 3/3
  1862 | D:2      | Found a shadowy altar of Dithmenos.
  2120 | D:2      | Reached XP level 4. HP: 42/49 MP: 4/4
  3404 | D:3      | Reached XP level 5. HP: 26/55 MP: 5/5
  3816 | D:3      | Reached skill level 5 in Fighting
  4003 | D:3      | HP: 4/85 [orc wizard/magic dart (3)]
  4004 | D:3      | Slain by an orc wizard

Illustrated notes

Levels and vault maps discovered:
D:1:      lightli_arrival_flooded_house, layout_basic
D:2:      layout_basic, nicolae_dithmenos_through_a_glass_darkly,
          minmay_distorted
D:3:      layout_basic, bloody_trog

Skill      XL: |  1  2  3  4  5 |
---------------+----------------+-----
Maces & Flails | 2 3 |  3.7
Dodging        | 3 |  3.5
Fighting       | 5 |  5.1
Shields        | |  2.6

Action                   |  1- 3 |  4- 6 || total
-------------------------+-------+-------++-------
Melee: Flail             |   154 |   143 ||   297
  Use: Potion            |       |     1 ||     1
  Eat: Chunk             |     4 |     6 ||    10
Armor: Robe              |    46 |    45 ||    91
Dodge: Dodged            |    62 |    63 ||   125
Block: Kite shield       |    74 |    80 ||   154

Table legend:
 A = Non-vault XP
 B = Vault XP
 C = Vault XP percentage of total XP
 D = Non-vault monster count
 E = Vault monster count
 F = Vault count percentage of total count
                 A         B        C        D         E       F
            +---------+---------+-------+---------+---------+-------
      Total |     210 |      12 |   5.4 |      69 |       4 |   5.5
            +---------+---------+-------+---------+---------+-------
        D:1 |      38 |       0 |   0.0 |      20 |       0 |   0.0
        D:2 |      46 |      12 |  20.7 |      20 |       4 |  16.7
        D:3 |     126 |       0 |   0.0 |      29 |       0 |   0.0
            +---------+---------+-------+---------+---------+-------
